Unix NetHack Version 5.0.0-0 post-release - last build Jun 10 2026 00:39:30 (3ee93aec679c4c4259841fe613dc97188e26a321,branch:main).

Game began 2026-06-13 21:54:49, ended 2026-06-13 22:13:07.

IanCurtis, chaotic male elven Wizard

                                                       --  ---  ---
                                                     ---.---.|---.-----
                                                  o  |...)...|.|......--
                                                         -.)..^........--
                                                         |.).|.|........-- --
                                                         |...|---.--..|..| .--
                                                         |.).-- --------.|...|
                                                         ---..--      |.....--
                                                           |...---    |......|
                                                    |      |.....|    |<.....|
                                                    |.. -----....------...----
                                                    |........---....--..---
                                                    |........| |.......--
                                                    |  .----.|--.......---
                                                       |..@|.||..........--
                                                       +...|.|--..---.....|
                                                         .)|..--.----....--
                                                          -..)%..........|
                                                           -------.--....|
                                                                 ------.--
                                                                       --
IanCurtis the Thaumaturge  St:10 Dx:13 Co:11 In:20 Wi:14 Ch:9  Chaotic
Dlvl:6  $:58 HP:0(45) Pw:3(81) AC:8  Xp:6 T:2015  Blind

Latest messages:
 $ - 18 gold pieces (58 in total).
 U - 5 arrows (12 in total).
 There are several objects here.
 In what direction? h
 The spell misses the dwarf.
 The dwarf gets angry!
 "Halt!  You're under arrest!"
 An angry guard is approaching!
 The gnome lord wields a thonged club!
 The gnome lord secures the tether on the thonged club.
 The gnome lord picks up a pair of hard shoes.
 The yellow light explodes!
 You are blinded by a blast of light!
 Sting is quivering.
 You are hit.
 You hear a door open.
 In what direction? h
 The door closes.
 In what direction? j
 The spell misses the orc mummy.
 It hits!
 You hit the orc mummy.
 It hits!
 You hit the orc mummy.
 The orc mummy hits!
 You destroy the orc mummy!
 You miss it.
 You hit it.
 You hit it.
 It hits!
 It hits!
 What do you want to read? [RT or ?*] <space>
 Never mind.
 Are you sure you want to pray? [yes|no] yes
 You begin praying to Anhur.
 You feel something move nearby.
 You finish your prayer.
 You feel that Anhur is well-pleased.
 What do you want to use or apply? [bcnoMPV or ?*] <esc>
 Never mind.
 What do you want to wear? [*] <space>
 Never mind.
 What do you want to wield? [- aLNSUW or ?*] <space>
 Never mind.
 What do you want to write with? [- ac-envGL-NSUW or ?*] -
 You write in the dust with your fingertip.
 What do you want to write in the dust here? Elbereth
 It hits!
 You die...
 Do you want your possessions identified? [ynq] (y) q

Inventory:
 Coins    ('$')
  $ - 58 gold pieces
 Weapons  (')')
  U - 12 +0 arrows
  S - 6 rustproof +0 crossbow bolts
  W - 3 +0 crossbow bolts
  N - 13 cursed corroded -2 crossbow bolts
  L - the +1 Sting (weapon in right hand)
  a - a blessed +2 quarterstaff
 Armor    ('[')
  A - an uncursed +0 orcish helm (being worn)
  E - an uncursed +0 cloak of magic resistance (being worn)
 Comestibles  ('%')
  q - an uncursed carrot
  t - 3 uncursed food rations
  w - a cursed fortune cookie
  p - an uncursed tripe ration
  Q - an uncursed tin of deep fried giant rat meat
 Scrolls  ('?')
  T - a blessed scroll of create monster
  R - a blessed scroll of identify
 Rings    ('=')
  v - a cursed ring of cold resistance named cursed
  e - an uncursed ring of polymorph control
  G - an uncursed ring of see invisible
  d - an uncursed ring of teleportation
 Wands    ('/')
  c - a wand of create monster (0:14)
 Tools    ('(')
  b - an uncursed sack containing 10 items
  o - an uncursed wooden harp
  n - a magic marker (0:19)
  P - an uncursed partly used tallow candle
  M - an uncursed towel
  V - an uncursed partly used wax candle

Contents of the sack:
  a cursed scroll of scare monster
  an uncursed scroll of remove curse
  an uncursed scroll of enchant weapon
  an uncursed scroll of identify
  an uncursed scroll of teleportation
  a blessed spellbook of force bolt
  an uncursed spellbook of light
  2 uncursed potions of water
  an uncursed potion of speed
  an uncursed potion of monster detection

IanCurtis the Wizard's attributes:

Background:
 You were a Thaumaturge, a level 6 male elven Wizard.
 You were chaotic, on a mission for Anhur
 who was opposed by Ptah (lawful) and Thoth (neutral).
 You were right-handed.
 You were in the Gnomish Mines, on level 6.
 You entered the dungeon 2015 turns ago.
 It was nighttime.
 You had 389 experience points, 251 more were needed to attain level 7.

Basics:
 You had 0 out of 45 hit points.
 You had 3 out of 81 energy points (spell power).
 Your armor class was 8.
 Your wallet contained 58 zorkmids.
 Autopickup was off.

Final Characteristics:
 Your strength was 10 (limit:18).
 Your dexterity was 13 (limit:18).
 Your constitution was 11 (limit:16).
 Your intelligence was 20 (limit:20).
 Your wisdom was 14 (limit:20).
 Your charisma was 9 (limit:18).

Final Status:
 You were temporarily blind.
 You weren't hungry.
 You were unencumbered.
 You were wielding a dagger.
 You had basic skill with dagger.

Final Attributes:
 You were devoutly aligned.
 You were magic-protected.
 You were sleep resistant.
 You were aware of the presence of orcs.
 You had infravision.
 You were warded.
 You are dead.

Miscellaneous:
 You didn't encounter any bones levels.
 Total elapsed playing time was 18 minutes and 17 seconds.

Major events:
 Turn
    1: IanCurtis the chaotic male elven Wizard entered the dungeon
  662: attained the rank of Conjurer (level 3)
  942: entered the Gnomish Mines
  965: chose an elven dagger to be named "Sting"
 1893: reached Mine Town
 1929: attained the rank of Thaumaturge (level 6)
 2015: killed by a gnome lord

Spells:
 Name                 Level Category     Fail Retention
 force bolt             1   attack         0%   81%-90%
 light                  1   divination     0%  76%-100%

Skills:
 Fighting Skills
   bare handed combat [Unskilled]
   riding             [Unskilled]
 Weapon Skills
   dagger             [Basic]
   knife              [Unskilled]
   axe                [Unskilled]
   short sword        [Unskilled]
   club               [Unskilled]
   mace               [Unskilled]
   quarterstaff       [Basic]
   polearms           [Unskilled]
   spear              [Unskilled]
   trident            [Unskilled]
   sling              [Unskilled]
   dart               [Unskilled]
   shuriken           [Unskilled]
 Spellcasting Skills
   attack spells      [Basic]
   healing spells     [Unskilled]
   divination spells  [Unskilled]
   enchantment spells [Basic]
   clerical spells    [Unskilled]
   escape spells      [Unskilled]
   matter spells      [Unskilled]

Voluntary challenges:
 Character rerolling was not enabled.
 You never genocided any monsters.
 You never polymorphed an object.
 You never changed form.
 You used no wishes.
Achievements:
 You entered a shop.
 You attained the rank of Conjurer.
 You entered the Gnomish Mines.
 You entered Minetown.
 You attained the rank of Thaumaturge.

 The Dungeons of Doom: levels 1 to 2
    Level 1:
    Level 2:
       A general store, a fountain.
       Stairs down to The Gnomish Mines.
 The Gnomish Mines: levels 3 to 6
    Level 3:
    Level 4:
    Level 5:
    Level 6: <- You were here.
       Final resting place for
          you, killed by a gnome lord.


Vanquished creatures:
 an orc mummy
  a water nymph
  2 yellow lights
  a shrieker
  3 gnome leaders
 an elf zombie
  a kitten
  6 dwarves
  a kobold leader
 an acid blob
  a gas spore
  2 hobbits
  a giant rat
  a brown mold
  a yellow mold
 22 gnomes
  a gecko
  2 jackals
  2 foxes
  a goblin
  4 grid bugs
  3 bats
  2 lichens
  2 newts
63 creatures vanquished.

No species were genocided or became extinct.

Game over:
                       ----------
                      /          \
                     /    REST    \
                    /      IN      \
                   /     PEACE      \
                  /                  \
                  |    IanCurtis     |
                  |      58 Au       |
                  |   killed by a    |
                  |    gnome lord    |
                  |                  |
                  |                  |
                  |       2026       |
                 *|     *  *  *      | *
        _________)/\\_//(\/(/\)/\//\/|_)_______

Goodbye IanCurtis the Wizard...

You died in The Gnomish Mines on dungeon level 6 with 1869 points,
and 58 pieces of gold, after 2015 moves.
You were level 6 with a maximum of 45 hit points when you died.

